 Dungeon Crawl Stone Soup version 0.28-a0-1629-gf728b707aa (webtiles) character file.

Game seed: 13225069902418902391

60 frimble the Grasshopper (level 3, 0/27 HPs)
             Began as a Demonspawn Warper on Jan 25, 2022.
             Slain by a gnoll (8 damage)
             ... on level 1 of the Dungeon.
             The game lasted 00:02:59 (1621 turns).

frimble the Grasshopper (Demonspawn Warper)         Turns: 1621, Time: 00:03:00

Health: 0/27       AC:  4    Str: 13    XL:     3   Next: 82%
Magic:  6/6        EV: 12    Int: 14    God:
Gold:   42         SH:  4    Dex: 12    Spells: 6/6 levels left

rFire   . . .      SeeInvis .   a - +0 short sword
rCold   . . .      Faith    .   (no shield)
rNeg    . . .      Spirit   .   b - +0 leather armour
rPois   .          Reflect  .   d - +0 helmet
rElec   .          Harm     .   (no cloak)
rCorr   .          Rampage  .   (no gloves)
Will    .....                   (no boots)
Stlth   +.........              (no amulet)
HPRegen 0.09/turn               (no ring)
MPRegen 0.10/turn               (no ring)

@: no status effects
A: claws 1, condensation shield
a: no special abilities


You were on level 1 of the Dungeon.
You visited 1 branch of the dungeon, and saw 2 of its levels.

You collected 42 gold pieces.

Inventory:

Hand Weapons
 a - a +0 short sword (weapon)
Armour
 b - a +0 leather armour (worn)
 d - a +0 helmet (worn)
Scrolls
 c - a scroll of blinking


   Skills:
 + Level 2.0 Fighting
 - Level 2.5 Short Blades
 - Level 0.8 Throwing
 - Level 0.8 Armour
 - Level 2.6 Dodging
 + Level 1.7 Unarmed Combat
 - Level 2.0 Spellcasting
 - Level 2.6 Translocations


You had 6 spell levels left.
You didn't know any spells.
Your spell library contained the following spells:

 Spells                   Type           Power      Damage    Failure   Level
 Blink                    Tloc           16%        N/A       16%         2
 Gell's Gravitas          Tloc           8%         N/A       30%         3
 Lesser Beckoning         Tloc           8%         N/A       30%         3
 Teleport Other           Tloc           8%         N/A       30%         3
 Manifold Assault         Tloc           8%         N/A       95%         5


Dungeon Overview and Level Annotations

Branches:
Dungeon (2/15)

Altars:

Shops:
D:2 =


Innate Abilities, Weirdness & Mutations

You have sharp fingernails.
A meltable shield of frost defends you. (SH +4)


Message History

The frilled lizard closely misses you.
There is a fountain of clear blue water here.
There is a stone staircase leading up here.
The frilled lizard misses you.
You climb upwards.
There is a stone staircase leading down here.
You closely miss the frilled lizard.
The frilled lizard unfolds its giant frill.
The frilled lizard bites you.
You barely miss the frilled lizard. You block the frilled lizard's attack.
You miss the frilled lizard. The frilled lizard barely misses you.
You hit the frilled lizard.
You kill the frilled lizard!
You start resting.
HP restored.
There is a stone staircase leading down, spattered with blood here.
You climb downwards.
The gnoll hits you with a +0 whip. The hobgoblin misses you.
You block the gnoll's attack.
There is a stone staircase leading up here.
The hobgoblin closely misses you. The gnoll hits you with a +0 whip.
You climb upwards.
There is a stone staircase leading down, spattered with blood here.
You barely miss the hobgoblin. The hobgoblin misses you.
The gnoll barely misses you.
You hit the hobgoblin.
You kill the hobgoblin!
The gnoll hits you with a +0 whip. The gnoll closely misses you.
You hit the gnoll.
The gnoll is moderately wounded.
The gnoll hits you with a +0 whip.
You closely miss the gnoll.
The gnoll is moderately wounded.
The gnoll hits you with a +0 whip.
You hit the gnoll but do no damage.
The gnoll is moderately wounded.
The gnoll hits you with a +0 whip.
* * * LOW HITPOINT WARNING * * *
The gnoll hits you with a +0 whip!
You die...

#.##.##........#####.##
#>......######## #.#
####.#### #.# #.# #########
#.# #.# #.......# #.# ##.#
#.......# #.# ##..#
#.......# #.# #..##
#.......####.## #.##
#.....@g......# #.#
#........###..# #.#
##.#.#.#.###..# #.#
#.#..........#
#.#######.###.#.##...#
#.##.................#######
#.##.###..)...####.##......#
#.##.###...##.#
#.#.......### #
#>.........##.#
##.#..####....


You could see a gnoll.

Vanquished Creatures
  Robin (D:1)
  2 gnolls
  A worm (D:1)
  An endoplasm (D:1)
  10 goblins
  4 hobgoblins
  A kobold (D:1)
  2 quokkas
  A frilled lizard (D:1)
  3 rats
26 creatures vanquished.

Notes
Turn   | Place    | Note
-------+----------+-------------------------------------------
     0 | D:1      | frimble the Demonspawn Warper began the quest for the Orb.
     0 | D:1      | Reached XP level 1. HP: 16/16 MP: 3/3
    28 | D:1      | Found a faded altar of an unknown god.
   572 | D:2      | Noticed Robin
   581 | D:2      | Gained mutation: You have sharp fingernails. [demonic
                  | ancestry]
   581 | D:2      | Reached XP level 2. HP: 16/22 MP: 5/5
   601 | D:1      | HP: 1/22 [Robin (5)]
   609 | D:1      | Killed Robin
   915 | D:2      | Reached skill level 1 in Unarmed Combat
   922 | D:2      | Gained mutation: A meltable shield of frost defends you.
                  | (SH +4) [demonic ancestry]
   922 | D:2      | Reached XP level 3. HP: 20/27 MP: 6/6
   929 | D:2      | Found Wayfokk's Jewellery Shop.
  1621 | D:1      | Slain by a gnoll

Illustrated notes

Levels and vault maps discovered:
D:1:      lightli_arrival_quake, layout_loops_cross,
          ebering_ecumenical_altar_webs
D:2:      layout_basic, serial_shops, shop, shop,
          nicolae_shop_overgrown_old_shop, shop_fountains, nicolae_square_shop,
          grunt_ministairs_7, minmay_pentomino_r2, uniq_terence, uniq_jessica,
          uniq_robin

Skill      XL: |  1  2 |
---------------+-------+-----
Short Blades   | 2 |  2.5
Dodging        | 2 |  2.6
Unarmed Combat | 1 |  1.7
Fighting       | |  2.0
Throwing       | |  0.8
Armour         | |  0.8
Spellcasting   | |  2.0
Translocations | |  2.6

Action                   || total
-------------------------++-------
Melee: Short sword       ||    89
       Punch             ||     1
       Unarmed           ||    20
Throw: Boomerang         ||     5
  Use: Potion            ||     3
       Scroll            ||     1
Armor: Leather armour    ||    33
Dodge: Dodged            ||    60
Block: Other             ||    14

Table legend: (Time is in decaauts)
 A = Elapsed time spent in this place.
 B = Non-inter-level travel time spent in this place.
 C = Inter-level travel time spent in this place.
 D = Time resting spent in this place.
 E = Time spent auto-exploring this place.
 F = Levels seen in this place.
 G = Mean time per level.
                   A        B        C        D        E       F      G
               +--------+--------+--------+--------+--------+-----+--------+
         Total |   1623 |   1537 |     86 |    241 |    992 |   2 |  811.5 |
       Dungeon |   1623 |   1537 |     86 |    241 |    992 |   2 |  811.5 |
               +--------+--------+--------+--------+--------+-----+--------+

Top non-repeatable levels by time:
     D:1: 1405 daAuts
     D:2: 218 daAuts
